 Dungeon Crawl Stone Soup version 0.26.0-10-g1f06aea511 (webtiles) character file.

Game seed: 436037143319197205

333 Dani the Conjurer (level 6, -2/36 HPs)
             Began as an Octopode Conjurer on Feb 6, 2021.
             Was an Initiate of Gozag.
             Slain by Pikel
             ... wielding a +0 whip of flaming
              (3 damage)
             ... on level 5 of the Dungeon.
             The game lasted 00:21:20 (5759 turns).

Dani the Conjurer (Octopode Conjurer)               Turns: 5759, Time: 00:21:20

Health: -2/36      AC:  1    Str:  6    XL:     6   Next: 53%
Magic:  9/12       EV: 13    Int: 23    God:    Gozag
Gold:   374        SH:  0    Dex: 10    Spells: 10/13 levels left

rFire    . . .     SeeInvis .   q - +1 short sword (holy)
rCold    . . .     Faith    .   (no shield)
rNeg     . . .     Spirit   .   (helmet restricted)
rPois    .         Reflect  .   (no amulet)
rElec    .         Harm     .   (no ring)
rCorr    .         Rampage  .   (no ring)
Will     .....                  (no ring)
Stlth    +++.......             (no ring)
HPRegen  0.12/turn              (no ring)
MPRegen  0.13/turn              (no ring)
                                (no ring)
                                (no ring)

@: no status effects
A: almost no armour, stealthy swim, amphibious, 8 rings, constrict 8, camouflage
1, gelatinous body 1
a: Renounce Religion, Potion Petition, Call Merchant, Bribe Branch


You were on level 5 of the Dungeon.
You worshipped Gozag.
Gozag was aware of your devotion.
You visited 1 branch of the dungeon, and saw 5 of its levels.

You collected 402 gold pieces.
You paid 28 gold pieces to Gozag.

Inventory:

Hand Weapons
 b - a +0 club
   (You took it off a hobgoblin on level 1 of the Dungeon)
 n - a +0 mace
   (You found it on level 2 of the Dungeon)
 q - a +1 short sword of holy wrath (weapon)
   (You took it off a kobold on level 2 of the Dungeon)
Wands
 y - a wand of disintegration (14)
   (You found it on level 2 of the Dungeon)
Scrolls
 f - a scroll of amnesia
 o - a scroll of random uselessness
 B - a scroll of blinking
 N - 4 scrolls of remove curse {@r2}
 R - a scroll of identify {@r1}
Potions
 a - a potion of invisibility {unknown}
 d - a potion of heal wounds {unknown}
 e - 2 potions of haste
 g - a potion of cancellation {unknown}
 h - a potion of brilliance {unknown}
 i - a potion of degeneration {unknown}
 j - a potion of ambrosia {unknown}
 l - 3 potions of attraction
 m - 2 potions of might
 r - 2 potions of lignification {unknown}
 t - a potion of resistance {unknown}
 Q - 2 potions of curing {@q1}


   Skills:
 - Level 2.0 Dodging
 + Level 4.6 Stealth
 * Level 4.1 Spellcasting
 * Level 5.8 Conjurations


You had 10 spell levels left.
You knew the following spells:

 Your Spells              Type           Power        Failure   Level
a - Magic Dart            Conj           100%         1%          1
b - Searing Ray           Conj           62%          1%          2

Your spell library contained the following spells:

 Spells                   Type           Power        Failure   Level
 Dazzling Flash           Conj/Hex       36%          10%         3
 Confusing Touch          Hex            4%           30%         3
 Gell's Gravitas          Tloc           2%           30%         3
 Fulminant Prism          Conj/Hex       9%           30%         4
 Iskenderun's Mystic Bla  Conj/Tloc      18%          30%         4
 Petrify                  Tmut/Erth      4%           71%         4
 Metabolic Englaciation   Hex/Ice        2%           96%         5
 Yara's Violent Unravell  Hex/Tmut       2%           96%         5


Dungeon Overview and Level Annotations

Branches:
Dungeon (5/15)             Temple (0/1) D:4

Altars:
Ashenzari
Gozag
Kikubaaqudgha
Nemelex Xobeh
Okawaru
Qazlal
Ru
Trog
Uskayaw
The Shining One

Shops:
D:4 }

Annotations:
D:2 1 runed translucent door, Crazy Yiuf, Natasha
D:4 exclusion: ogre
D:5 exclusions: hound and iguana, Pikel


Innate Abilities, Weirdness & Mutations

You cannot wear most types of armour.
You are very stealthy in the water. (Stealth+)
You are amphibious.
You can wear up to eight rings at the same time.
You can use your tentacles to constrict eight enemies at once.
Your skin changes colour to match your surroundings (Stealth+).
Your rubbery body absorbs attacks. (AC +1, EV +1)


Message History

The iguana is almost dead.
You constrict the iguana.
The iguana hisses menacingly.
The iguana barely misses you.
You hit the iguana but do no damage.
The iguana is almost dead.
You constrict the iguana. The iguana misses you.
You hit the iguana.
You kill the iguana!
Your Spellcasting skill increases to level 4!
You now have 349 gold pieces (gained 4).
Really walk into a travel-excluded area? [Y]es or [N]o only, please.
Really walk into a travel-excluded area?
Really walk into a travel-excluded area?
Really walk into a travel-excluded area? [Y]es or [N]o only, please.
Really walk into a travel-excluded area?
You hear the brisk hiss of a distant avalanche of sand.
Sorry, I don't know how to get there.
You now have 368 gold pieces (gained 19).
Unknown command.
Really walk into a travel-excluded area?
The hound barks!
The hound completely misses you.
You hit the hound. You grab the hound.
The hound is lightly wounded.
You constrict the hound, but do no damage.
The hound barely misses you.
Casting: Magic Dart (safe; 1% risk of failure)
Confirm with . or Enter, or press ? or * to list all spells.
Aiming: Searing Ray (safe; 1% risk of failure)
Press: ? - help, Shift-Dir - straight line, f - hound
Aim: a hound (lightly wounded, constricted by you, 2% to evade)
The searing ray hits the hound!
The hound is heavily wounded. (Press . to maintain the ray.)
You constrict the hound, but do no damage.
The hound closely misses you. x2
The searing ray hits the hound.
The hound is almost dead.
You constrict the hound, but do no damage.
The hound misses you.
The searing ray hits the hound!
You kill the hound!
You hear the quick hiss of a distant avalanche of sand.
You now have 374 gold pieces (gained 6).
Okay, then.
A lemure comes into view.
A lemure comes into view.
Pikel the Slaver comes into view.
He is wielding a +0 whip of flaming.
The lemure shouts! x2
Pikel says, "You'll make a fine lemure."
A lemure comes into view.
Pikel drinks a potion.
Pikel seems to speed up.
The lemure shouts! x2
The lemure hits you.
You see here 18 gold pieces.
There are monsters nearby!
Really walk into a travel-excluded area?
The quokka barely misses you. The quokka barely misses you.
The quokka bites you.
Casting: Searing Ray (safe; 1% risk of failure)
Confirm with . or Enter, or press ? or * to list all spells.
Aiming: Searing Ray (safe; 1% risk of failure)
Press: ? - help, Shift-Dir - straight line, f - Pikel
Aim: Pikel, wielding a +0 whip of flaming and wearing a +0 robe (fast, 26% to evade)
Okay, then.
You barely miss Pikel. You grab Pikel. You constrict Pikel, but do no damage.
Pikel barely misses you.
Pikel hits you with a +0 whip of flaming!
Pikel burns you.
* * * LOW HITPOINT WARNING * * *
Casting: Searing Ray (safe; 1% risk of failure)
Confirm with . or Enter, or press ? or * to list all spells.
Aiming: Searing Ray (safe; 1% risk of failure)
Press: ? - help, Shift-Dir - straight line, f - Pikel
Aim: Pikel, wielding a +0 whip of flaming and wearing a +0 robe (constricted by you, fast, 0% to evade)
The searing ray hits Pikel!
Pikel is moderately wounded. (Press . to maintain the ray.)
You constrict Pikel, but do no damage.
Pikel hits you with a +0 whip of flaming!
* * * LOW HITPOINT WARNING * * *
Pikel burns you.
* * * LOW HITPOINT WARNING * * *
Okay, then.
The searing ray hits Pikel!
Pikel is heavily wounded.
You constrict Pikel, but do no damage.
Pikel hits you with a +0 whip of flaming.
* * * LOW HITPOINT WARNING * * *
Pikel burns you.
* * * LOW HITPOINT WARNING * * *
Pikel hits you with a +0 whip of flaming!
* * * LOW HITPOINT WARNING * * *
Pikel burns you.
You die...
Your body crumbles into a pile of gold.

.....#####........#.........# ..
..#### ##..............[...###..
.....####........##.........#....
.................####.##....#....
#................####..#.#.##....
...............#.................
.....##..........................
.###.............Kr..............
...........$....@#.......#.###..?
.................###...#.#.###...
.........#....#### ###5..........
.....(...#....# ######...........
#........#....###.5..............
...............55................
.....#........###......##........
.....#.........##......##.......#
........$.$#...##......###>......


You could see Pikel (fast) and a quokka.

Vanquished Creatures
  A hound (D:5)
  An iguana (D:5)
  2 orc wizards
  A worker ant (D:5)
  4 adders
  A white imp (D:5)
  4 oozes
  An ufetubus (D:4)
  4 worms
  7 dart slugs
  4 leopard geckos
  7 orcs
  A ball python (D:3)
  5 bats
  8 giant cockroaches
  16 goblins
  9 hobgoblins
  4 jackals (D:1)
  2 quokkas
  4 frilled lizards
  4 kobolds
  5 rats
95 creatures vanquished.

Notes
Turn   | Place    | Note
-------+----------+-------------------------------------------
     0 | D:1      | Dani the Octopode Conjurer began the quest for the Orb.
     0 | D:1      | Reached XP level 1. HP: 11/11 MP: 3/3
   142 | D:1      | Reached XP level 2. HP: 9/17 MP: 1/5
   568 | D:1      | Reached XP level 3. HP: 21/21 MP: 3/6
   661 | D:1      | Reached skill level 3 in Stealth
  1587 | D:2      | Learned a level 2 spell: Searing Ray
  1651 | D:2      | Reached XP level 4. HP: 27/27 MP: 5/8
  1848 | D:2      | Found a runed translucent door.
  1849 | D:2      | Noticed Crazy Yiuf
  2275 | D:2      | Reached skill level 3 in Spellcasting
  2324 | D:2      | Reached skill level 5 in Conjurations
  2487 | D:2      | Found a stormy altar of Qazlal.
  2487 | D:2      | Found an ancient bone altar of Kikubaaqudgha.
  2489 | D:2      | Found a glowing golden altar of the Shining One.
  2490 | D:2      | Found a hide-covered altar of Uskayaw.
  2490 | D:2      | Found a broken altar of Ashenzari.
  2662 | D:2      | Found a sparkling altar of Nemelex Xobeh.
  2663 | D:2      | Found an opulent altar of Gozag.
  3105 | D:2      | Noticed Natasha
  3156 | D:2      | Became a worshipper of Gozag Ym Sagoz the Greedy
  3224 | D:3      | Reached XP level 5. HP: 31/31 MP: 5/9
  3519 | D:3      | Found an iron altar of Okawaru.
  3767 | D:3      | Reached skill level 4 in Stealth
  3932 | D:3      | Found a bloodstained altar of Trog.
  4547 | D:4      | Noticed an ogre
  4627 | D:4      | Found Okhenuis's Gadget Shoppe.
  4681 | D:4      | Found a staircase to the Ecumenical Temple.
  4772 | D:4      | Reached XP level 6. HP: 36/36 MP: 4/11
  5100 | D:4      | Found a sacrificial altar of Ru.
  5253 | D:5      | Entered Level 5 of the Dungeon
  5621 | D:5      | Reached skill level 4 in Spellcasting
  5734 | D:5      | Noticed Pikel
  5759 | D:5      | HP: 9/36 [Pikel/+0 whip of flaming (1)]
  5759 | D:5      | HP: 1/36 [Pikel/+0 whip of flaming (8)]
  5759 | D:5      | Slain by Pikel

Illustrated notes

Levels and vault maps discovered:
D:1:      roderic_octagonal_star, layout_basic, st_stairs_7
D:2:      layout_basic, grunt_temple_overflow_opulence,
          grunt_temple_overflow_open, uniq_crazy_yiuf_cottage, uniq_natasha
D:3:      layout_basic, bloody_trog, kennysheep_okawaru_gauntlet
D:4:      layout_loops_ring, nicolae_overflow_hidden_temple, temple_fountains,
          serial_shops, shop
D:5:      layout_basic, nicolae_ossuary_entry_ruins, saegor_snake_ambush,
          uniq_pikel

Skill      XL: |  1  2  3  4  5  6 |
---------------+-------------------+-----
Stealth        | 3 4 |  4.6
Spellcasting   | 3 4 |  4.1
Conjurations   | 5 |  5.8
Dodging        | |  2.0

Action                   |  1- 3 |  4- 6 || total
-------------------------+-------+-------++-------
Melee: Unarmed           |     4 |       ||     4
       Club              |    13 |     1 ||    14
       Constrict         |     5 |     4 ||     9
       Mace              |       |     4 ||     4
       Short sword       |       |    11 ||    11
       Tentacles         |       |     1 ||     1
 Cast: Magic Dart        |    72 |   141 ||   213
       Searing Ray       |       |     8 ||     8
  Use: Scroll            |       |    11 ||    11
 Stab: Sleeping          |       |     1 ||     1
Armor: Skin              |     1 |       ||     1
Dodge: Dodged            |    20 |    19 ||    39

Table legend: (Time is in decaauts)
 A = Elapsed time spent in this place.
 B = Non-inter-level travel time spent in this place.
 C = Inter-level travel time spent in this place.
 D = Time resting spent in this place.
 E = Time spent auto-exploring this place.
 F = Levels seen in this place.
 G = Mean time per level.
                   A        B        C        D        E       F      G
               +--------+--------+--------+--------+--------+-----+--------+
         Total |   5766 |   5443 |    323 |    300 |   4272 |   5 | 1153.2 |
       Dungeon |   5766 |   5443 |    323 |    300 |   4272 |   5 | 1153.2 |
               +--------+--------+--------+--------+--------+-----+--------+

Top non-repeatable levels by time:
     D:2: 1600 daAuts
     D:1: 1586 daAuts
     D:3: 1085 daAuts
     D:4: 1075 daAuts
     D:5: 418 daAuts

Table legend:
 A = Kills in this place as a percentage of kills in entire the game.
 B = Kills by you in this place as a percentage of kills by you in the entire game.
 C = Kills by friends in this place as a percentage of kills by friends in the entire game.
 D = Other kills in this place as a percentage of other kills in the entire game.
 E = Experience gained in this place as a percentage of experience gained in the entire game.
 F = Experience gained in this place divided by the number of levels of this place that you have seen.
                   A       B       C       D       E      F
               +-------+-------+-------+-------+-------+----------------------
         Total | 100.0 | 100.0 |   N/A |   N/A | 100.0 |  95.4
       Dungeon | 100.0 | 100.0 |   N/A |   N/A | 100.0 |  95.4
               +-------+-------+-------+-------+-------+----------------------
